 Dungeon Crawl Stone Soup version 0.31.0-12-g77e489cdc1 (webtiles) character file.

Game seed: 7298207223928302274

2 shadizar the Apothecary (level 1, -4/15 HPs)
             Began as a Djinni Air Elementalist on Feb 24, 2024.
             Slain by a gnoll
             ... wielding a +0 spear
              (6 damage)
             ... on level 1 of the Dungeon.
             The game lasted 00:00:35 (122 turns).

shadizar the Apothecary (Djinni Air Elementalist)    Turns: 122, Time: 00:00:36

Health: -4/15      AC:  3    Str:  7    XL:     1   Next: 44%
Gold:   0          EV: 12    Int: 16    God:
                   SH:  0    Dex: 13

rFire   + + .        (no weapon)
rCold   x . .        (no shield)
rNeg    . . .        a - +0 robe
rPois   ∞            (no helmet)
rElec   .            b - +0 cloak
rCorr   .            (no gloves)
SInv    .            (boots unavailable)
Will    .....        (no amulet)
Stlth   ++           (no ring)
HPRegen 0.22/turn    (no ring)
MPRegen 0.00/turn

%: infuse magic (-5 HP)
@: flying
A: sickness immunity, fire resistance 2, cold vulnerability 1, float, innate
caster, HP casting, extra vitality 1
a: no special abilities


You were on level 1 of the Dungeon.
You visited 1 branch of the dungeon, and saw 1 of its levels.

Inventory:

Armour
 a - a +0 robe (worn)
 b - a +0 cloak (worn)


   Skills:
 + Level 0.2 Fighting
 + Level 2.2 Dodging
 - Level 1.5 Stealth
 + Level 3.1 Spellcasting
 + Level 3.1 Conjurations
 + Level 3.1 Hexes
 + Level 3.1 Summonings
 + Level 3.1 Necromancy
 + Level 3.1 Translocations
 + Level 3.1 Fire Magic
 + Level 3.1 Ice Magic
 + Level 3.1 Air Magic
 + Level 3.1 Earth Magic
 + Level 3.1 Alchemy


You knew the following spells:

 Your Spells              Type           Power      Damage    Failure   Level
a - Shock                 Conj/Air       48%        1d6       4%          1
b - Static Discharge      Conj/Air       24%        3-4/arc   8%          2
c - Swiftness             Air            12%        N/A       16%         3
d - Airstrike             Air            6%         2d(1-17)  45%         4
Your spell library was empty.

Dungeon Overview and Level Annotations

Branches:
Dungeon (1/15)

Altars:


Innate Abilities, Weirdness & Mutations

You are immune to sickness and miasma.
You are immune to poison.
Your flesh is very heat resistant. (rF++)
You are vulnerable to cold. (rC-)
You float through the air rather than walking.
You learn spells naturally, not from books.
Your magical power is your life essence.
You have superior vitality. (+4 MHP)


Message History

Press: ? - help, Shift-Dir - straight line, f/p - quokka
Aim: a quokka (almost dead, 56% to hit)
The zap hits the quokka.
You kill the quokka!
* * * LOW HITPOINT WARNING * * *
HP restored.
A ball python and a gnoll come into view.
The gnoll shouts!
The zap misses the gnoll.
The zap hits the ball python.
The ball python is severely wounded.
The zap hits the gnoll.
The gnoll is lightly wounded.
The zap hits the ball python.
You kill the ball python!
The gnoll hits you but does no damage.
The zap misses the gnoll.
The zap hits the gnoll.
The gnoll is moderately wounded.
The gnoll hits you from afar with a +0 spear!
Ouch! That really hurt!
* * * LOW HITPOINT WARNING * * *
You are too injured to fight recklessly!
Casting: Shock (safe; 4% risk of failure)
Confirm with . or Enter, or press ? or * to list all spells.
Aiming: Shock (safe; 4% risk of failure)
Press: ? - help, Shift-Dir - straight line, f/p - gnoll
Aim: a gnoll, wielding a +0 spear (moderately wounded, 72% to hit)
The zap hits the gnoll.
The gnoll is severely wounded.
* * * LOW HITPOINT WARNING * * *
The gnoll hits you but does no damage.
Casting: Shock (safe; 4% risk of failure)
Confirm with . or Enter, or press ? or * to list all spells.
Aiming: Shock (safe; 4% risk of failure)
Press: ? - help, Shift-Dir - straight line, f/p - gnoll
Aim: a gnoll, wielding a +0 spear (severely wounded, 72% to hit)
The zap misses the gnoll.
* * * LOW HITPOINT WARNING * * *
The gnoll hits you from afar with a +0 spear.
You die...

#.###.....## #....
#........## #....
#..####.## #.... #..#
##.## #....#
#.†######.# #.....
#.........# #.....
#.........#
#.....#####.#########
#..g.@..# #########


You could see a gnoll.

Vanquished Creatures
  A ball python (D:1)
  A quokka (D:1)
2 creatures vanquished.

Notes
Turn   | Place    | Note
-------+----------+-------------------------------------------
     0 | D:1      | shadizar the Djinni Air Elementalist began the quest for
                  | the Orb.
     0 | D:1      | shadizar set off with the following spells memorised:
                  | Shock, Static Discharge, Swiftness, Airstrike.
     0 | D:1      | Reached XP level 1. HP: 15/15 MP: 0/0
   122 | D:1      | Slain by a gnoll

Illustrated notes

Levels and vault maps discovered:
D:1:      dpeg_arrival_round_c, layout_basic, amcnicky_mini_corridor_feature,
          chequers_serial_rivers_large_a, kennysheep_doodads,
          supply_closet_lemuel, minmay_liquid_box, minmay_misc_feat_encased,
          minmay_surrounded

Action                     || total
---------------------------++-------
   Cast: Shock             ||    12
 Armour: Robe              ||     8
  Dodge: Dodged            ||     2
